 Dungeon Crawl Stone Soup version 0.31-a0-165-g3f4f80340b (webtiles) character file.

Game seed: 2037928370393830802

296 qw the Shield-Bearer (level 6, 0/37 HPs)
             Began as a Gargoyle Fighter on June 13, 2023.
             Was an Initiate of Okawaru.
             Slain by a quasit (1 damage)
             ... on level 4 of the Dungeon.
             The game lasted 00:01:38 (2792 turns).

qw the Shield-Bearer (Gargoyle Fighter)             Turns: 2792, Time: 00:01:39

Health: 0/37       AC: 20    Str: 22      XL:     6   Next: 35%
Magic:  6/6        EV:  5    Int:  8      God:    Okawaru [......]
Gold:   164        SH: 12    Dex:  8 (9)  Spells: 5/5 levels left

rFire   . . .        Y - +0 war axe
rCold   + . .        k - +0 tower shield
rNeg    + . .        h - +5 chain mail "Caluowk" {rC+ Slay-5 Stlth+}
rPois   inf          p - +0 helmet
rElec   +            e - +0 cloak
rCorr   .            (no gloves)
SInv    .            (no boots)
Will    .....        (no amulet) Stlth
                     (no ring)
HPRegen 0.26/turn    (no ring)
MPRegen 0.10/turn

%: no passive effects
@: no status effects
A: sickness immunity, AC +4, negative energy resistance 1, electricity
resistance, torment resistance 1, petrification resistance
a: Renounce Religion


You were on level 4 of the Dungeon.
You worshipped Okawaru.
Okawaru was noncommittal.
You visited 2 branches of the dungeon, and saw 5 of its levels.

You collected 164 gold pieces.


Innate Abilities, Weirdness & Mutations

You are immune to sickness and miasma.
Your stone body is resilient. (AC +4)
You are immune to poison.
You resist negative energy. (rN+)
You are resistant to electric shocks. (rElec)
You are resistant to unholy torment.
You are immune to petrification.


   Skills:
 - Level 3.2 Fighting
 - Level 4.1 Axes
 - Level 3.2 Armour
 + Level 6.0 Shields


You had 5 spell levels left.
You didn't know any spells.
Your spell library was empty.

Inventory:

Hand Weapons
 b - a +1 mace of holy wrath
 Y - a +0 war axe (weapon)
Armour
 e - a +0 cloak (worn)
 h - the +5 chain mail "Caluowk" (worn) {rC+ Slay-5 Stlth+}
   (You found it on level 4 of the Dungeon)

   Slay:      It affects your accuracy & damage with ranged weapons and melee
   (-5).
   rC:        It protects you from cold.
   Stlth:     It makes you more stealthy.
 k - a +0 tower shield (worn)
 p - a +0 helmet (worn)
Scrolls
 a - 2 scrolls of identify
 c - a scroll of poison {unknown}
Potions
 d - a potion of might
 f - a potion of lignification
 g - a potion of berserk rage {unknown}
 j - a potion of enlightenment {unknown}
 l - a potion of attraction {unknown}
 m - a potion of curing
 r - a potion of ambrosia {unknown}
 s - a potion of brilliance {unknown}

Dungeon Overview and Level Annotations

Branches:
Dungeon (4/15)             Temple (1/1) D:4

Altars:
Dithmenos
Elyvilon
Hepliaklqana
Kikubaaqudgha
Makhleb
Nemelex Xobeh
Okawaru
Ru
Vehumet
Wu Jian
Zin
The Shining One

Shops:
D:1 !*


Message History

The quasit bites you but does no damage.
You block the quasit's attack. x2; The quasit barely misses you.
The quasit claws you but does no damage.
You block the quasit's attack.
You miss the quasit.
The quasit bites you but does no damage.
The quasit claws you but does no damage. x2
An orc comes into view. It is wielding a +0 short sword.
You block the quasit's attack. x3
You barely miss the orc priest. You barely miss the quasit.
The orc shouts!
The quasit bites you but does no damage.
The quasit claws you but does no damage. x2
The orc priest completely misses you.
The quasit bites you but does no damage.
You block the quasit's attack.
The quasit claws you but does no damage.
The orc priest hits you with a +0 flail.
You barely miss the orc priest. You miss the quasit.
The quasit barely misses you. You block the quasit's attack.
The quasit claws you but does no damage.
An orc wizard comes into view. It is wielding a +0 dagger.
An orc comes into view. It is wielding a +0 mace.
The orc priest calls down the wrath of Beogh upon you.
Beogh smites you! You block the quasit's attack.
The quasit claws you but does no damage. x2
The orc shouts!
The orc wizard shouts!
You hit the orc priest.
The orc priest is moderately wounded.
You miss the quasit. You block the quasit's attack. x2
The quasit claws you but does no damage.
The orc priest mumbles some strange prayers to Beogh against you.
Beogh smites you! You block the quasit's attack.
The quasit claws you but does no damage.
The quasit claws you.
You feel clumsy.
You miss the quasit. You slash the orc!
You block the quasit's attack. x2; The quasit claws you.
You die...

#.##.##############...}...
#..........# ###.#...
#..#.##.##.# #....#
####+##'##+### ###..#
#.....#.....# ..#
#.....#.....# ..#
.'##'##'##'##'.# .#
..#.....#.. .
#..#'###@#..# #. #...o5#
.# '..'.._o.' ' ..#....o#.
## ..#o###'#.. #. #. ..#
.# ' ##' #' . . #.


You could see an orc priest, an orc wizard, a quasit and 2 orcs.

Vanquished Creatures
  A phantom (D:4)
  A quasit (D:4)
  A jelly (D:4)
  Jessica (D:2)
  4 adders
  3 shadow imps (D:4)
  An ufetubus (D:4)
  2 worms (D:2)
  2 dart slugs (D:1)
  13 ball pythons
  5 bats
  An endoplasm (D:4)
  4 giant cockroaches
  6 goblins
  2 hobgoblins
  4 jackals (D:1)
  5 kobolds
  4 quokkas
  8 rats
68 creatures vanquished.

Notes
Turn   | Place    | Note
-------+----------+-------------------------------------------
     0 | D:1      | qw the Gargoyle Fighter began the quest for the Orb.
     0 | D:1      | Reached XP level 1. HP: 14/14 MP: 1/1
     0 | D:1      | 0 ||| qw: Version: 0.2-a-29-gc1b59c4
     0 | D:1      | 0 ||| qw: Game counter: 4759
     0 | D:1      | 0 ||| qw: Always use a shield: true
     0 | D:1      | 0 ||| qw: God list: Okawaru
     0 | D:1      | 0 ||| qw: Allow faded altars: false
     0 | D:1      | 0 ||| qw: Do Orc after D:15 true
     0 | D:1      | 0 ||| qw: Do second Lair branch before Depths: true
     0 | D:1      | 0 ||| qw: Lair rune preference: random
     0 | D:1      | 0 ||| qw: Plans: Normal, Zot:1-4, Slime:5, God:TSO, Crypt,
                  | Tomb, Abyss, Pan, Hells, Win
     0 | D:1      | 0 ||| PLANNING D:1-11
     5 | D:1      | You fall into a shaft and drop 1 floor!
   146 | D:1      | Reached XP level 2. HP: 19/19 MP: 2/2
   304 | D:1      | 304 ||| Stepping ~*~*~tactically~*~*~ (hiding).
   306 | D:1      | 306 ||| Stepping ~*~*~tactically~*~*~ (hiding).
   310 | D:1      | Reached skill level 3 in Axes
   416 | D:1      | Reached XP level 3. HP: 23/23 MP: 3/3
   417 | D:1      | Found Vicympio's Distillery.
   434 | D:1      | 434 ||| SHOPLISTING 2 potions of mutation (224 gold, have
                  | 7).
   434 | D:1      | 434 ||| SHOPLISTING potion of curing (42 gold, have 7).
   434 | D:1      | 434 ||| SHOPLISTING potion of haste (140 gold, have 7).
   434 | D:1      | 434 ||| SHOPLISTING potion of heal wounds (70 gold, have
                  | 7).
   434 | D:1      | 434 ||| SHOPLISTING potion of mutation (112 gold, have 7).
   434 | D:1      | 434 ||| Stepping ~*~*~tactically~*~*~ (stealth).
   435 | D:1      | 435 ||| Stepping ~*~*~tactically~*~*~ (stealth).
   437 | D:1      | 437 ||| Stepping ~*~*~tactically~*~*~ (stealth).
   547 | D:1      | Found Oghimn's General Store.
   556 | D:1      | 556 ||| SHOPLISTING +3 ring mail (294 gold, have 19).
   556 | D:1      | 556 ||| SHOPLISTING scroll of identify (28 gold, have 19).
   758 | D:1      | 758 ||| READING scroll labelled ENOSAECEOSY.
   772 | D:1      | 772 ||| READING scroll labelled MURIAB ZITSUO.
   773 | D:1      | 773 ||| READING scroll labelled GUISHRU NUPOALE.
   774 | D:1      | 774 ||| READING scroll labelled ALUTZAE IREFFA.
   843 | D:2      | Noticed Jessica
   852 | D:2      | Killed Jessica
   853 | D:2      | Reached XP level 4. HP: 19/28 MP: 4/4
   979 | D:2      | 979 ||| Stepping ~*~*~tactically~*~*~ (stealth).
  1243 | D:2      | 1243 ||| Stepping ~*~*~tactically~*~*~ (stealth).
  1251 | D:2      | Found a faded altar of an unknown god.
  1541 | D:2      | 1541 ||| UPGRADING to +0 kite shield.
  1551 | D:2      | 1551 ||| DROPPING +0 buckler.
  1552 | D:2      | 1552 ||| UPGRADING to +0 tower shield.
  1562 | D:2      | 1562 ||| DROPPING +0 kite shield.
  1563 | D:2      | 1563 ||| DROPPING amulet of magic regeneration.
  1564 | D:2      | 1564 ||| DROPPING ring of wizardry.
  1565 | D:2      | 1565 ||| READING 2 scrolls labelled FOEMUF VENIWK.
  1566 | D:2      | 1566 ||| READING scroll labelled KAANTU ESSIRES.
  2328 | D:3      | 2328 ||| UPGRADING to +0 chain mail.
  2338 | D:3      | 2338 ||| DROPPING +0 scale mail.
  2339 | D:3      | 2339 ||| UPGRADING to +0 cloak.
  2344 | D:3      | 2344 ||| UPGRADING to +0 helmet.
  2349 | D:3      | 2349 ||| DROPPING +6 ring of intelligence.
  2350 | D:3      | 2350 ||| READING scroll labelled XYTUUTT KOLAFE.
  2351 | D:3      | 2351 ||| READING scroll labelled BUD JEIZASEODUC.
  2352 | D:3      | 2352 ||| READING scroll labelled WAUFFIH HYRIOD.
  2353 | D:3      | 2353 ||| DRINKING 2 viscous cyan potions.
  2354 | D:3      | 2354 ||| READING 2 scrolls of identify.
  2354 | D:3      | 2354 ||| IDENTIFYING glowing amethyst potion
  2428 | D:4      | Reached skill level 4 in Shields
  2428 | D:4      | Reached XP level 5. HP: 31/32 MP: 5/5
  2443 | D:4      | Noticed a phantom
  2450 | D:4      | Reached skill level 5 in Shields
  2456 | D:4      | Killed a phantom
  2457 | D:4      | Reached XP level 6. HP: 28/37 MP: 6/6
  2533 | D:4      | Identified the +5 chain mail "Caluowk" {rC+ Slay-5 Stlth+}
  2559 | D:4      | Found a staircase to the Ecumenical Temple.
  2560 | D:4      | 2560 ||| PLANNING TEMPLE
  2560 | D:4      | 2560 ||| UPGRADING to +5 chain mail "Caluowk" {rC+ Slay-5
                  | Stlth+}.
  2570 | D:4      | 2570 ||| DROPPING +0 chain mail.
  2571 | D:4      | 2571 ||| READING scroll labelled IMMESEN LUALEH.
  2578 | Temple   | Entered the Ecumenical Temple
  2579 | Temple   | 2579 ||| PLANNING OKAWARU WORSHIP
  2594 | Temple   | Became a worshipper of Warmaster Okawaru
  2594 | Temple   | 2594 ||| PLANNING D:1-11
  2632 | D:4      | 2632 ||| DROPPING +0 mace.
  2708 | D:4      | Reached skill level 6 in Shields
  2736 | D:4      | 2736 ||| Stepping ~*~*~tactically~*~*~ (hiding).
  2773 | D:4      | Found a sparkling altar of Nemelex Xobeh.
  2774 | D:4      | 2774 ||| Stepping ~*~*~tactically~*~*~ (stealth).
  2778 | D:4      | 2778 ||| Stepping ~*~*~tactically~*~*~ (stealth).
  2791 | D:4      | HP: 3/37 [orc priest/divine providence (16)]
  2791 | D:4      | HP: 1/37 [quasit (2)]
  2792 | D:4      | Slain by a quasit

Levels and vault maps discovered:
D:1:      dpeg_arrival_stone_temple_mockup, layout_basic, serial_shops, shop,
          nicolae_shop_statue_plus
D:2:      layout_basic, shapermc_ecumenical_altar_pompeii, minmay_pentomino_z4,
          uniq_jessica
D:3:      layout_basic
D:4:      layout_loops_ring, mainiacjoe_overflow_24_doors, temple_fountains,
          serial_demonic, serial_demonic_f, serial_demonic_d, serial_demonic_c,
          serial_demonic_e, serial_demonic_e, serial_demonic_g,
          serial_demonic_b, serial_demonic_f, minivault_19
Temple:   minmay_freezing_vapour_temple

Skill      XL: |  1  2  3  4  5  6 |
---------------+-------------------+-----
Axes           | 2 3 4 |  4.1
Shields        | 4 5 6 |  6.0
Fighting       | |  3.2
Armour         | |  3.2

Action                     |  1- 3 |  4- 6 || total
---------------------------+-------+-------++-------
  Melee: War axe           |    89 |   209 ||   298
    Use: Scroll            |     4 |     7 ||    11
         Potion            |       |     1 ||     1
 Armour: Scale mail        |    58 |    34 ||    92
         Chain mail        |       |   145 ||   145
  Dodge: Dodged            |    55 |    69 ||   124
  Block: Buckler           |    17 |     5 ||    22
         Tower shield      |       |   186 ||   186

Table legend:
 A = Non-vault XP
 B = Vault XP
 C = Vault XP percentage of total XP
 D = Non-vault monster count
 E = Vault monster count
 F = Vault count percentage of total count
                 A         B        C        D         E       F
            +---------+---------+-------+---------+---------+-------
      Total |     291 |     133 |  31.4 |      59 |       9 |  13.2
            +---------+---------+-------+---------+---------+-------
        D:1 |      51 |       0 |   0.0 |      27 |       0 |   0.0
        D:2 |      21 |      45 |  68.2 |      11 |       4 |  26.7
        D:3 |      42 |       0 |   0.0 |      13 |       0 |   0.0
        D:4 |     177 |      88 |  33.2 |       8 |       5 |  38.5
            +---------+---------+-------+---------+---------+-------
